 Dungeon Crawl Stone Soup version 0.20-a0-936-gaf809b6 (webtiles) character file.

135 Isola the Slasher (level 5, 0/30 HPs)
             Began as a Tengu Gladiator on Mar 30, 2017.
             Shot with an arrow by a centaur (13 damage)
             ... on level 2 of the Dungeon.
             The game lasted 00:02:26 (2041 turns).

Isola the Slasher (Tengu Gladiator)                 Turns: 2041, Time: 00:02:26

Health: 0/30       AC:  3    Str: 15    XL:     5   Next: 18%
Magic:  6/6        EV: 14    Int:  9    God:
Gold:   18         SH:  0    Dex: 15    Spells: 4/4 levels left

rFire    . . .     SeeInvis .   a - +0 long sword
rCold    . . .     Gourm    .   (no shield)
rNeg     . . .     Faith    .   b - +0 leather armour
rPois    .         Spirit   .   c - +0 hat
rElec    .         Reflect  .   (no cloak)
rCorr    .         Harm     .   (no gloves)
MR       .....                  (boots unavailable)
Stlth    +.........             (no amulet)
Regen    0.1/turn               (no ring)
MPRegen  0.1/turn               (no ring)

@: no status effects
A: beak, talons 3, able to fly 1
a: Fly


You were on level 2 of the Dungeon.
You were hungry.

You visited 1 branch of the dungeon, and saw 2 of its levels.

You collected 18 gold pieces.

Inventory:

Hand Weapons
 a - a +0 long sword (weapon)
Missiles
 d - 3 throwing nets (quivered)
 o - 4 silver javelins
Armour
 b - a +0 leather armour (worn)
 c - a +0 hat (worn)
Scrolls
 e - 3 scrolls of teleportation {unknown}
 h - a scroll of enchant weapon {unknown}
 k - 3 scrolls of recharging {unknown}
 n - 2 scrolls of identify {unknown}
 q - a scroll of magic mapping {unknown}
Potions
 i - a potion of heal wounds {unknown}
 j - a potion of flight {unknown}
 m - 2 potions of curing {unknown}
 p - 2 potions of agility {unknown}
Comestibles
 f - 3 bread rations
 l - a meat ration


   Skills:
 - Level 2.0 Fighting
 * Level 5.0 Long Blades
 - Level 2.0 Throwing
 + Level 2.1 Armour
 + Level 4.2 Dodging


You had 4 spell levels left.
You didn't know any spells.

Dungeon Overview and Level Annotations

Branches:
Dungeon (2/15)

Altars:


Innate Abilities, Weirdness & Mutations

You have a beak for a mouth.
You have claws for feet.
You can fly.


Message History

A rat is nearby!
A giant cockroach comes into view.
You slash the rat!
You kill the rat!
A centaur comes into view.
You see here a rat corpse.
The giant cockroach barely misses you.
You riposte.
The centaur shouts!
You hit the giant cockroach but do no damage.
Your kick misses the giant cockroach. You slash the giant cockroach!
You kill the giant cockroach!
The centaur wields a shortbow.
The centaur shoots an arrow.
The arrow hits you!
The centaur shoots an arrow.
The arrow hits you!
You are too injured to fight recklessly!
You are too injured to fight recklessly!
You are too injured to fight recklessly!
You are too injured to fight recklessly!
The centaur shoots an arrow.
The arrow hits you!
You die...

#.....#................#
####....#################
#.....#.# #...........#
#.###.#.# #.#########># #####.#
#.#.# #.# ##### #.# #.....#
#.#.#####'###...# #.#
#.#######.#.......<##...# #.###
#.#.......#.†(.....##...# #....
##.#.####..#...@....##...#######
#..#....#..#........##...#...###
#.#####'#..#......(..'...+......
#.##.#...........(c.##...#...###
#.##.'........####.####......# #
#.##.#......#.# #..# #.#....# #
#....#......#.# #######.#....###
######......#.###.....#.#...<...
#......#......<..#.#..#####


You could see a centaur.

Vanquished Creatures
  Natasha (thrice) (D:2)
  2 adders (D:2)
  3 dart slugs
  A leopard gecko (D:1)
  A ball python (D:2)
  3 giant cockroaches
  6 hobgoblins
  2 jackals (D:1)
  3 bats
  5 frilled lizards
  A goblin (D:2)
  4 kobolds
  9 rats
43 creatures vanquished.

Notes
Turn   | Place    | Note
-------+----------+-------------------------------------------
     0 | D:1      | Isola the Tengu Gladiator began the quest for the Orb.
     0 | D:1      | Reached XP level 1. HP: 12/12 MP: 2/2
     6 | D:1      | Noticed a water moccasin
     6 | D:1      | Noticed a hog
     7 | D:1      | Noticed a swamp worm
     7 | D:1      | Noticed a wyvern
   127 | D:1      | Reached XP level 2. HP: 17/17 MP: 3/3
   322 | D:1      | Reached skill level 1 in Armour
   645 | D:1      | Reached XP level 3. HP: 21/21 MP: 4/4
   694 | D:2      | Reached skill level 4 in Long Blades
   823 | D:2      | Noticed Natasha
   833 | D:2      | Killed Natasha
   833 | D:2      | Reached XP level 4. HP: 7/26 MP: 5/5
   912 | D:2      | Noticed Natasha
  1612 | D:2      | Killed Natasha
  1782 | D:2      | Noticed Natasha
  1790 | D:2      | Killed Natasha
  1790 | D:2      | Reached skill level 5 in Long Blades
  1790 | D:2      | Gained mutation: You can fly. [Tengu growth]
  1790 | D:2      | Reached XP level 5. HP: 12/30 MP: 6/6
  2039 | D:2      | Noticed a centaur
  2041 | D:2      | Shot with an arrow by a centaur

Vault maps used:
D:1:      onia_arrival_zoo_common
D:2:      uniq_natasha

Skill      XL: |  1  2  3  4 |
---------------+-------------+-----
Armour         | 1 2 |  2.1
Long Blades    | 4 5 |  5.0
Dodging        | 4 |  4.2
Fighting       | |  2.0
Throwing       | |  2.0

Action                   |  1- 3 |  4- 6 || total
-------------------------+-------+-------++-------
Melee: Long sword        |    49 |    33 ||    82
       Kick              |    16 |    10 ||    26
       Peck              |     8 |    10 ||    18
 Stab: Sleeping          |     1 |       ||     1
  Eat: Chunk             |       |     3 ||     3
Armor: Leather armour    |     8 |     5 ||    13
Dodge: Dodged            |    31 |    23 ||    54
       Rpst.: Long sword |    10 |     7 ||    17
